 Dungeon Crawl Stone Soup version 0.28.0-53-g5a82cb258f (webtiles) character file.

Game seed: 1247587481047414937

1121 scsoc the Cleaver (level 8, 0/62 HPs)
             Began as a Minotaur Fighter on Aug 5, 2022.
             Slain by a hornet zombie (10 damage)
             ... in an ossuary.
             The game lasted 00:11:18 (4149 turns).

scsoc the Cleaver (Minotaur Fighter)                Turns: 4149, Time: 00:11:18

Health: 0/62       AC:  7    Str: 23    XL:     8   Next: 12%
Magic:  7/7        EV: 10    Int:  3    God:
Gold:   141        SH:  9    Dex: 10    Spells: 7/7 levels left

rFire   . . .      SeeInvis .   a - +0 war axe
rCold   . . .      Faith    .   c - +0 buckler
rNeg    . . .      Spirit   .   b - +0 scale mail
rPois   +          Reflect  .   (helmet restricted)
rElec   .          Harm     .   (no cloak)
rCorr   .          Rampage  .   (no gloves)
Will    .....                   (no boots)
Stlth   ..........              (no amulet)
HPRegen 0.20/turn               (no ring)
MPRegen 0.10/turn               (no ring)

@: no status effects
A: horns 2, retaliatory headbutt, large bone plates 1, dopey 1, frail 1, poison
resistance
a: no special abilities


You were in an ossuary.
You visited 1 branch of the dungeon, and saw 4 of its levels.
You also visited: Ossuary.

You collected 141 gold pieces.

Inventory:

Hand Weapons
 a - a +0 war axe (weapon)
Armour
 b - a +0 scale mail (worn)
 c - a +0 buckler (worn)
Jewellery
 e - an amulet of faith
Wands
 f - a wand of flame (13)
Scrolls
 d - a scroll of blinking
 h - a scroll of teleportation
 i - a scroll of identify {unknown}
Potions
 g - 2 potions of curing
 j - a potion of might


   Skills:
 + Level 5.4 Fighting
 + Level 8.1 Axes
 + Level 6.7 Armour
 + Level 2.0 Dodging
 + Level 5.3 Shields


You had 7 spell levels left.
You didn't know any spells.
Your spell library contained the following spells:

 Spells                   Type           Power      Damage    Failure   Level
 Sting                    Tmut/Pois      0%         1d3       88%         1
 Poisonous Vapours        Pois/Air       0%         N/A       95%         2
 Olgreb's Toxic Radiance  Pois           0%         N/A       100%        4


Dungeon Overview and Level Annotations

Branches:
Dungeon (4/15)            Ossuary (1/1)
 Temple: D:4-7

Altars:
Ashenzari
Dithmenos
Elyvilon
Gozag
Nemelex Xobeh
Ru
Trog
Yredelemnul

Shops:
D:3 *

Portals:
Abyss: D:3

Annotations:
D:3 styxcanada's ghost, amateur SpBr


Innate Abilities, Weirdness & Mutations

You have a pair of horns on your head.
You reflexively headbutt those who attack you in melee.
You are partially covered in large bone plates. (SH +4)
You are dopey. (Int -2)
You are frail. (-10% HP)
Your system is resistant to poisons. (rPois)


Message History

The centaur zombie is heavily damaged.
You barely miss the hornet zombie.
The centaur zombie hits you but does no damage.
The centaur zombie kicks you but does no damage.
The hornet zombie hits you! The centaur zombie hits you.
The centaur zombie kicks you. The hornet zombie barely misses you.
You barely miss the centaur zombie.
The centaur zombie is heavily damaged.
You closely miss the hornet zombie. You block the centaur zombie's attack.
The centaur zombie kicks you but does no damage.
The hornet zombie closely misses you. You block the centaur zombie's attack.
The centaur zombie barely misses you.
You hit the centaur zombie.
The centaur zombie is severely damaged.
You hit the hornet zombie.
The hornet zombie hits you but does no damage.
The centaur zombie hits you.
The centaur zombie kicks you but does no damage.
You hit the centaur zombie.
The centaur zombie is almost destroyed.
You barely miss the hornet zombie. The hornet zombie hits you!
The centaur zombie barely misses you. You furiously retaliate!
You headbutt the centaur zombie, but do no damage.
The centaur zombie kicks you but does no damage.
The hornet zombie hits you!
* * * LOW HITPOINT WARNING * * *
The centaur zombie barely misses you. The centaur zombie closely misses you.
You slash the centaur zombie!
You destroy the centaur zombie!
You hit the hornet zombie but do no damage.
The hornet zombie misses you.
The hornet zombie hits you but does no damage.
You barely miss the hornet zombie. Your headbutt misses the hornet zombie.
The hornet zombie is lightly damaged.
The hornet zombie hits you.
* * * LOW HITPOINT WARNING * * *
You hit the hornet zombie. You headbutt the hornet zombie.
The hornet zombie is lightly damaged.
You block the hornet zombie's attack. The hornet zombie hits you!
You die...

#+# +..
###.#####
#.'.#...#
###.'.Z.#
#.'.#..@#
###.#####
#.'≈'.#
#≈#.###
≈≈P.≈#
≈≈≈ ≈.≈
#≈≈#P.M#
#≈≈ ≈#.#
#≈ ≈.+M≈


You could see a hornet zombie.

Vanquished Creatures
  Sigmund (D:2)
  2 hornet zombies (Ossuary)
  A water moccasin zombie (Ossuary)
  4 bullfrog zombies (Ossuary)
  3 centaur zombies (Ossuary)
  An iron imp (D:3)
  Terence (D:2)
  2 iguanas
  Natasha (thrice) (D:2)
  A killer bee zombie (Ossuary)
  8 mummies
  A howler monkey zombie (Ossuary)
  4 adders
  4 gnolls (D:3)
  A shadow imp (D:3)
  3 worms
  3 dart slugs
  4 orcs
  5 ball pythons
  7 bats
  6 endoplasms
  A giant cockroach (D:2)
  9 goblins
  5 hobgoblins
  4 quokkas
  A frilled lizard (D:1)
  3 kobolds (D:1)
  4 rats
92 creatures vanquished.

Vanquished Creatures (others)
  5 withered plants (Ossuary)
5 creatures vanquished.

Grand Total: 97 creatures vanquished

Notes
Turn   | Place    | Note
-------+----------+-------------------------------------------
     0 | D:1      | scsoc the Minotaur Fighter began the quest for the Orb.
     0 | D:1      | Reached XP level 1. HP: 19/19 MP: 0/0
     9 | D:1      | Noticed a centaur
    68 | D:1      | Found a faded altar of an unknown god.
   310 | D:1      | Reached XP level 2. HP: 24/27 MP: 1/1
   662 | D:1      | Gained mutation: You are frail. (-10% HP) [potion of
                  | mutation]
   662 | D:1      | Gained mutation: You are dopey. (Int -2) [potion of
                  | mutation]
   662 | D:1      | Gained mutation: You are partially covered in large bone
                  | plates. (SH +4) [potion of mutation]
   662 | D:1      | Gained mutation: Your system is resistant to poisons.
                  | (rPois) [potion of mutation]
   665 | D:1      | Lost intelligence.
   714 | D:2      | Reached skill level 3 in Axes
   714 | D:2      | Reached XP level 3. HP: 17/29 MP: 2/2
   879 | D:2      | Noticed Natasha
   885 | D:2      | Killed Natasha
   886 | D:2      | Reached XP level 4. HP: 21/36 MP: 3/3
  1133 | D:2      | Noticed Natasha
  1138 | D:2      | Killed Natasha
  1139 | D:2      | Reached skill level 4 in Axes
  1247 | D:2      | Noticed Sigmund
  1264 | D:2      | Killed Sigmund
  1265 | D:2      | Reached skill level 5 in Axes
  1265 | D:2      | Reached XP level 5. HP: 10/42 MP: 4/4
  1525 | D:2      | Reached skill level 5 in Armour
  1567 | D:2      | Noticed Natasha
  1580 | D:2      | Killed Natasha
  1581 | D:2      | Reached XP level 6. HP: 39/47 MP: 5/5
  1660 | D:2      | Noticed Terence
  1668 | D:2      | Killed Terence
  2220 | D:3      | Found Quduso's Assorted Antiques.
  2329 | D:3      | Reached skill level 1 in Dodging
  2331 | D:3      | Reached skill level 6 in Axes
  2552 | D:3      | Found a one-way gate to the infinite horrors of the Abyss.
  2552 | D:3      | Noticed styxcanada's ghost (amateur SpBr)
  2553 | D:3      | Noticed a small abomination
  2559 | D:3      | Found a transporter.
  2586 | D:3      | Found a transporter.
  3094 | D:4      | Found a white marble altar of Elyvilon.
  3097 | D:4      | Found an opulent altar of Gozag.
  3100 | D:4      | Found a bloodstained altar of Trog.
  3101 | D:4      | Found a sparkling altar of Nemelex Xobeh.
  3106 | D:4      | Found a basalt altar of Yredelemnul.
  3107 | D:4      | Found a shadowy altar of Dithmenos.
  3110 | D:4      | Found a sacrificial altar of Ru.
  3113 | D:4      | Found a broken altar of Ashenzari.
  3259 | D:4      | Found a sand-covered staircase.
  3516 | Ossuary  | Entered an ossuary
  3532 | Ossuary  | Reached XP level 7. HP: 54/54 MP: 6/6
  3616 | Ossuary  | Reached skill level 5 in Fighting
  3663 | Ossuary  | Reached skill level 7 in Axes
  3663 | Ossuary  | Reached skill level 5 in Shields
  3942 | Ossuary  | Reached XP level 8. HP: 43/62 MP: 7/7
  4132 | Ossuary  | Reached skill level 8 in Axes
  4149 | Ossuary  | Slain by a hornet zombie

Illustrated notes

Levels and vault maps discovered:
D:1:      evilmike_arrival_come_back, layout_basic,
          dreamdust_ecumenical_altar_angels_and_demons
D:2:      minmay_alternating_diamond, layout_loops_ring,
          ebering_dispersal_statue_hall, guppyfry_early_orc_mine, uniq_terence,
          uniq_natasha, uniq_sigmund
D:3:      layout_loops_cross, gammafunk_ghost_abyssal_escape, serial_shops, shop
D:4:      layout_loops_ring, nicolae_overflow_hallway_of_the_gods,
          gup_ossuary_entry_pyramid, serial_park_tiny_1
Ossuary:  ossuary_zaba_flooded

Skill      XL: |  1  2  3  4  5  6  7  8 |
---------------+-------------------------+-----
Armour         | 4 5 6 |  6.7
Shields        | 4 5 |  5.3
Fighting       | 4 5 |  5.4
Axes           | 3 5 6 7 8 |  8.1
Dodging        | 1 2 |  2.0

Action                   |  1- 3 |  4- 6 |  7- 9 || total
-------------------------+-------+-------+-------++-------
Melee: War axe           |    48 |   132 |    90 ||   270
       Headbutt          |     4 |    21 |    28 ||    53
  Use: Potion            |     5 |     1 |       ||     6
       Scroll            |     1 |     3 |       ||     4
Armor: Scale mail        |    22 |    35 |    27 ||    84
Dodge: Dodged            |    19 |    51 |    28 ||    98
Block: Buckler           |    21 |    33 |    39 ||    93
